 Dungeon Crawl Stone Soup version 0.28.0-1-gb440e238dd (webtiles) character file.

Game seed: 10381695578269836295

532 zeram the Chopper (level 7, 0/60 HPs)
             Began as a Hill Orc Fighter on Feb 21, 2022.
             Was a Follower of Yredelemnul.
             Shot with an arrow by a centaur (11 damage)
             ... on level 5 of the Dungeon.
             The game lasted 00:03:50 (3349 turns).

zeram the Chopper (Hill Orc Fighter)                Turns: 3349, Time: 00:03:50

Health: 0/60       AC:  0    Str: 21    XL:     7   Next: 24%
Magic:  7/7        EV:  9    Int:  8    God:    Yredelemnul [*.....]
Gold:   232        SH:  4    Dex: 10    Spells: 6/6 levels left

rFire   . . .      SeeInvis .   a - +1 war axe
rCold   . . .      Faith    .   c - +0 buckler
rNeg    . . .      Spirit   .   b - +0 scale mail
rPois   .          Reflect  .   (no helmet)
rElec   .          Harm     .   (no cloak)
rCorr   .          Rampage  .   (no gloves)
Will    .....                   (no boots)
Stlth   ..........              (no amulet)
HPRegen 0.20/turn               (no ring)
MPRegen 0.10/turn               (no ring)

@: corroded
A: no striking features
a: Renounce Religion, Recall Undead Harvest


You were on level 5 of the Dungeon.
You worshipped Yredelemnul.
Yredelemnul was noncommittal.
You visited 1 branch of the dungeon, and saw 5 of its levels.

You collected 232 gold pieces.

Inventory:

Hand Weapons
 a - a +1 war axe (weapon)
Missiles
 f - 3 poisoned darts (quivered)
Armour
 b - a +0 scale mail (worn)
 c - a +0 buckler (worn)
Wands
 d - a wand of mindburst (19)
Scrolls
 e - a scroll of vulnerability {unknown}
 i - a scroll of acquirement {unknown}
 j - 2 scrolls of magic mapping {unknown}
 k - a scroll of teleportation {unknown}
 l - a scroll of amnesia {unknown}
 n - a scroll of fog {unknown}
Potions
 g - 2 potions of curing
 h - a potion of ambrosia
 m - a potion of mutation
 o - a potion of flight {unknown}


   Skills:
 + Level 4.6 Fighting
 + Level 6.6 Axes
 + Level 5.6 Armour
 + Level 1.6 Dodging
 + Level 4.0 Shields
 + Level 0.1 Invocations


You had 6 spell levels left.
You didn't know any spells.
Your spell library contained the following spells:

 Spells                   Type           Power      Damage    Failure   Level
 Olgreb's Toxic Radiance  Pois           0%         N/A       100%        4
 Ozocubu's Refrigeration  Ice            0%         4d5       100%        7
 Ignition                 Fire           0%         3d3       100%        8


Dungeon Overview and Level Annotations

Branches:
Dungeon (5/15)             Temple (0/1) D:4

Altars:
Qazlal
Ru
Yredelemnul
The Shining One

Shops:
D:3 :

Annotations:
D:4 2 transporters, Icepheonix32's ghost, weakling DsDe
D:5 3 runed translucent doors


Message History

The centaur wields a +0 shortbow.
The centaur shoots an arrow.
The arrow hits you!
Found a runed translucent gate.
You hit the jelly. The acid corrodes you!
Your hands burn!
The jelly is lightly wounded.
The jelly misses you.
The centaur unwields a +0 shortbow.
You block the centaur's attack.
The centaur kicks you but does no damage.
The jelly barely misses you.
You hit the jelly. The acid corrodes you!
Your hands burn!
The jelly is moderately wounded.
You hit the centaur. The centaur hits you. The centaur kicks you.
The jelly closely misses you. The centaur hits you. The centaur misses you.
You slash the jelly!
Your hands burn!
The jelly is severely wounded.
You hit the centaur. The centaur hits you. You block the centaur's attack.
The jelly closely misses you. The centaur barely misses you.
You block the centaur's attack.
Your orc zombie hits the jelly.
Your orc zombie is burned by acid!
You are too injured to fight recklessly!
You are too injured to fight recklessly!
Unknown command.
You hit the centaur but do no damage.
The centaur is heavily wounded.
You hit the jelly.
You kill the jelly!
A black mist starts to gather...
The centaur hits you. The centaur kicks you. The centaur closely misses you.
The centaur kicks you.
You hit the centaur.
The centaur is heavily wounded.
The centaur hits you!
* * * LOW HITPOINT WARNING * * *
The centaur kicks you.
* * * LOW HITPOINT WARNING * * *
Your orc zombie barely misses the centaur.
You swap places.
The centaur wields a +0 shortbow.
The centaur shoots an arrow.
The arrow completely misses your orc zombie.
The arrow hits you!
You die...
Your body rises from the dead as a mindless zombie.

.... #.. .. ....###..
..# .... . #......#
#.##...# ##
#..[...##...#...##
.####................#
.....................#
....##.......###.....##
...##.........##......##
....##.....#..#Z@.......
.....##....##..ZZ.......
...#.......#..##c..#####
##.#..........###..#
#..#>#.....#..# ..#.
#..###.##.##.## ..#...
..## ..#...... ..+...
... ......... # ..+...
........ .##.. +...


You could see a centaur (ally target), a friendly spectral jelly, a friendly orc
zombie and a friendly necrophage zombie.

Vanquished Creatures
  The ghost of Zeldest the Ruffian, an amateur VSTm of Cheibriados (D:4)
  A necrophage (D:5)
  2 jellies
  2 hounds
  A centaur skeleton (D:5)
  Terence (D:2)
  A hound zombie (D:4)
  A howler monkey zombie (D:4)
  2 adders
  2 adder skeletons (D:4)
  4 dart slugs
  2 orcs
  8 bats
  An endoplasm (D:4)
  2 giant cockroaches
  4 goblins
  6 hobgoblins
  6 jackals
  5 quokkas
  6 ball pythons
  2 frilled lizards (D:1)
  4 kobolds
  5 rats
69 creatures vanquished.

Notes
Turn   | Place    | Note
-------+----------+-------------------------------------------
     0 | D:1      | zeram the Hill Orc Fighter began the quest for the Orb.
     0 | D:1      | Reached XP level 1. HP: 19/19 MP: 1/1
   177 | D:1      | Reached XP level 2. HP: 27/27 MP: 2/2
   291 | D:1      | Reached skill level 3 in Axes
   377 | D:1      | Found a faded altar of an unknown god.
   545 | D:1      | Reached XP level 3. HP: 33/33 MP: 3/3
   791 | D:2      | Noticed Terence
   800 | D:2      | Killed Terence
   801 | D:2      | Reached skill level 4 in Axes
   801 | D:2      | Reached XP level 4. HP: 19/40 MP: 4/4
  1064 | D:2      | Found a sacrificial altar of Ru.
  1831 | D:3      | Reached XP level 5. HP: 44/46 MP: 5/5
  1924 | D:3      | Found a stormy altar of Qazlal.
  1990 | D:3      | Found Qojeniss's Book Emporium.
  2183 | D:4      | Found a glowing golden altar of the Shining One.
  2252 | D:4      | Reached skill level 5 in Axes
  2252 | D:4      | Reached skill level 1 in Dodging
  2296 | D:4      | Found a runed translucent gate.
  2296 | D:4      | Found a runed translucent gate.
  2296 | D:4      | Found a runed translucent gate.
  2296 | D:4      | Noticed Zeldest's ghost (amateur VSTm)
  2298 | D:4      | Found a basalt altar of Yredelemnul.
  2310 | D:4      | Became a worshipper of Yredelemnul the Dark
  2329 | D:4      | Killed Zeldest's ghost
  2330 | D:4      | Reached skill level 6 in Axes
  2330 | D:4      | Reached XP level 6. HP: 37/53 MP: 6/6
  2869 | D:4      | Noticed Icepheonix32's ghost (weakling DsDe)
  2871 | D:4      | Found a transporter.
  2875 | D:4      | Found a transporter.
  3002 | D:4      | Found a staircase to the Ecumenical Temple.
  3054 | D:4      | Reached * piety under Yredelemnul
  3237 | D:5      | Entered Level 5 of the Dungeon
  3237 | D:5      | Noticed a necrophage
  3245 | D:5      | Killed a necrophage
  3246 | D:5      | Reached skill level 5 in Armour
  3246 | D:5      | Reached XP level 7. HP: 56/60 MP: 7/7
  3343 | D:5      | Found a runed translucent gate.
  3343 | D:5      | Found a runed translucent gate.
  3343 | D:5      | Found a runed translucent gate.
  3349 | D:5      | Shot with an arrow by a centaur

Illustrated notes

Levels and vault maps discovered:
D:1:      lemuel_arrival_hallway, layout_loops_ring,
          shapermc_ecumenical_altar_hornbeckon, minmay_tiny_reverse_x
D:2:      layout_loops_cross, basic_altar, uniq_terence
D:3:      layout_rooms, marbit_many_paths, serial_shops, shop
D:4:      layout_basic, mainiacjoe_overflow_paths,
          nicolae_yredelemnul_ghost_church, temple_hall, gammafunk_ghost_smash,
          kennysheep_crisscross, chequers_serial_rivers_room_a
D:5:      layout_cave_pools, kennysheep_mini, gammafunk_ghost_cemetery

Skill      XL: |  1  2  3  4  5  6 |
---------------+-------------------+-----
Axes           | 3 4 6 |  6.6
Fighting       | 4 |  4.6
Armour         | 4 5 |  5.6
Dodging        | 1 |  1.6
Shields        | 4 |  4.0
Invocations    | |  0.1

Action                   |  1- 3 |  4- 6 |  7- 9 || total
-------------------------+-------+-------+-------++-------
Melee: War axe           |    71 |   116 |     9 ||   196
Invok: Recall Undead Har |       |     1 |       ||     1
  Use: Scroll            |     3 |     3 |       ||     6
       Potion            |     1 |       |       ||     1
Armor: Scale mail        |    48 |    53 |     3 ||   104
Dodge: Dodged            |    26 |    50 |    11 ||    87
Block: Buckler           |    16 |    15 |     5 ||    36
